 Dungeon Crawl Stone Soup version 0.26-a0-660-gc07710193c (webtiles) character file.

Game seed: 4828065712914742324

401 davenfal the Cudgeler (level 6, -1/38 HPs)
             Began as a Gargoyle Gladiator on Oct 6, 2020.
             Slain by Menkaure (16 damage)
             ... on level 4 of the Dungeon.
             The game lasted 00:05:31 (4726 turns).

davenfal the Cudgeler (Gargoyle Gladiator)          Turns: 4726, Time: 00:05:32

Health: -1/38      AC: 14    Str: 19    XL:     6   Next: 85%
Magic:  6/6        EV:  8    Int:  9    God:
Gold:   177        SH:  0    Dex: 11    Spells: 5/5 levels left

rFire    . . .     SeeInvis .   a - +0 flail
rCold    . . .     Faith    .   (no shield)
rNeg     + . .     Spirit   .   f - +0 chain mail
rPois    ∞         Reflect  .   c - +0 helmet
rElec    +         Harm     .   s - +0 cloak
rCorr    .         Rampage  .   (no gloves)
MR       .....                  (no boots)
Stlth    ..........             (no amulet)
HPRegen  0.12/turn              (no ring)
MPRegen  0.10/turn              (no ring)

@: no status effects
A: negative energy resistance 1, electricity resistance, unbreathing,
petrification resistance, rot immunity, AC +4
a: no special abilities


You were on level 4 of the Dungeon.
You visited 1 branch of the dungeon, and saw 4 of its levels.

You collected 177 gold pieces.

Inventory:

Hand Weapons
 a - a +0 flail (weapon)
Missiles
 d - 3 throwing nets (quivered)
Armour
 b - a +0 leather armour
 c - a +0 helmet (worn)
 f - a +0 chain mail (worn)
 s - a +0 cloak (worn)
Scrolls
 h - 4 scrolls of teleportation {unknown}
 i - a scroll of enchant weapon {unknown}
 j - a scroll of remove curse {unknown}
 l - a scroll of immolation {unknown}
 r - a scroll of identify {unknown}
 u - a scroll of magic mapping {unknown}
Potions
 e - a potion of stabbing {unknown}
 g - a potion of lignification {unknown}
 k - 2 potions of haste {unknown}
 m - 3 potions of flight {unknown}
 n - 6 potions of curing {unknown}
 o - a potion of resistance {unknown}
 p - 3 potions of heal wounds {unknown}
 q - a potion of magic {unknown}
 t - a potion of berserk rage {unknown}


   Skills:
 + Level 3.9 Fighting
 * Level 5.2 Maces & Flails
 - Level 1.7 Throwing
 * Level 4.3 Dodging


You had 5 spell levels left.
You didn't know any spells.
Your spell library contained the following spells:

 Spells                   Type           Power        Failure   Level
 Magic Dart               Conj           #...         99%         1
 Blink                    Tloc           N/A          100%        2
 Call Imp                 Summ           #.......     100%        2
 Slow                     Hex            #.......     100%        2
 Conjure Flame            Conj/Fire      #.......     100%        3
 Mephitic Cloud           Conj/Pois/Air  #.......     100%        3


Dungeon Overview and Level Annotations

Branches:
Dungeon (4/15)
 Temple: D:4-7

Altars:
Makhleb
Qazlal
Wu Jian
Yredelemnul

Annotations:
D:4 1 runed translucent door, Menkaure; taxman66's ghost, amateur HOMo


Innate Abilities, Weirdness & Mutations

You are resistant to torment.
Your stone body is resilient. (AC +4)
You are immune to poison.
You resist negative energy. (rN+)
You are resistant to electric shocks. (rElec)
You can survive without breathing.
You are immune to petrification.
You are immune to rotting.


Message History

You see here a robe.
Menkaure, Prince of Dust comes into view.
Menkaure shouts!
Menkaure gestures wildly while chanting.
Menkaure seems to speed up.
Found a dagger.
Menkaure hits you but does no damage.
You hit Menkaure but do no damage. Menkaure hits you.
You sock Menkaure!
Menkaure is heavily damaged.
An orc comes into view. It is wielding a +0 club.
Menkaure hits you but does no damage.
You barely miss Menkaure.
Menkaure is heavily damaged.
The orc shouts!
Menkaure hits you! x2
You sock Menkaure!
Menkaure is severely damaged.
Menkaure hits you!
You die...

#........[.......
#......##...###### ####
#......##...##...####..#
######'##..........#....
#.............##########
#.............#§§§§§§§§§
#.............#§§§§§§§§§
#.............#§§§§§§§§§
#......@......#§§§§§§§§§
#.....M##...###§§§§§§###
#...... ##### §§§§§8#_.
#...... §§§§§§###
#...... §§§§§§§§§
#.)...o §§§§§§§§§
#...... §§§§§§§§§
#...... §§§§§§§§§
#########


You could see Menkaure (fast) and an orc.

Vanquished Creatures
  Sigmund (D:4)
  A howler monkey (D:4)
  A bullfrog zombie (D:3)
  2 orc wizards (D:3)
  5 adders
  An ooze (D:2)
  A worm (D:2)
  A dart slug (D:1)
  2 leopard geckos
  8 orcs (D:3)
  A ball python (D:4)
  5 bats
  2 giant cockroaches (D:1)
  6 goblins
  4 hobgoblins
  5 jackals (D:4)
  4 kobolds
  A quokka (D:3)
  A frilled lizard (D:3)
  7 rats
59 creatures vanquished.

Notes
Turn   | Place    | Note
-------+----------+-------------------------------------------
     0 | D:1      | davenfal the Gargoyle Gladiator began the quest for the
                  | Orb.
     0 | D:1      | Reached XP level 1. HP: 12/12 MP: 1/1
    87 | D:1      | Reached XP level 2. HP: 15/18 MP: 2/2
  1094 | D:2      | Reached XP level 3. HP: 22/22 MP: 3/3
  1128 | D:2      | Found a burning altar of Makhleb.
  1390 | D:2      | Found an ornate altar of the Wu Jian Council.
  1835 | D:3      | Reached XP level 4. HP: 15/27 MP: 4/4
  1996 | D:3      | Reached skill level 4 in Maces & Flails
  2176 | D:3      | Found a basalt altar of Yredelemnul.
  2212 | D:3      | Reached XP level 5. HP: 32/32 MP: 5/5
  2732 | D:4      | Noticed Sigmund
  2753 | D:4      | Killed Sigmund
  2753 | D:4      | Reached skill level 5 in Maces & Flails
  2753 | D:4      | Reached XP level 6. HP: 4/38 MP: 6/6
  3115 | D:4      | Found a runed translucent door.
  3115 | D:4      | Noticed taxman66's ghost (amateur HOMo)
  3207 | D:4      | Found a stormy altar of Qazlal.
  4720 | D:4      | Noticed Menkaure
  4726 | D:4      | Slain by Menkaure

Illustrated notes

Levels and vault maps discovered:
D:1:      dpeg_arrival_round_b, layout_rooms, minmay_tromino_v4_c
D:2:      layout_loops_ring, nicolae_overflow_hidden_temple,
          lemuel_coloured_pillars_altar
D:3:      layout_loops_ring, lemuel_round_altar
D:4:      layout_gridville, nicolae_qazlal_eye_of_the_storm,
          hellmonk_ghost_happy_afterlife, uniq_sigmund, uniq_menkaure

Skill      XL: |  1  2  3  4  5 |
---------------+----------------+-----
Dodging        | 3 4 |  4.3
Fighting       | 3 |  3.9
Maces & Flails | 4 5 |  5.2
Throwing       | |  1.7

Action                   |  1- 3 |  4- 6 || total
-------------------------+-------+-------++-------
Melee: Flail             |   107 |   178 ||   285
Armor: Leather armour    |    13 |       ||    13
       Chain mail        |    73 |   226 ||   299
Dodge: Dodged            |    69 |   129 ||   198

Table legend: (Time is in decaauts)
 A = Elapsed time spent in this place.
 B = Non-inter-level travel time spent in this place.
 C = Inter-level travel time spent in this place.
 D = Time resting spent in this place.
 E = Time spent auto-exploring this place.
 F = Levels seen in this place.
 G = Mean time per level.
                   A        B        C        D        E       F      G
               +--------+--------+--------+--------+--------+-----+--------+
         Total |   4780 |   4780 |      0 |   2457 |   1278 |   4 | 1195.0 |
       Dungeon |   4780 |   4780 |      0 |   2457 |   1278 |   4 | 1195.0 |
               +--------+--------+--------+--------+--------+-----+--------+

Top non-repeatable levels by time:
     D:4: 2195 daAuts
     D:1: 920 daAuts
     D:3: 915 daAuts
     D:2: 749 daAuts
